 Dungeon Crawl Stone Soup version 0.32-a0-778-ga6a9c15 (webtiles) character file.

Game seed: 15030091016792133877

19480277 ray2 the Swordmaster (level 27, 273/273 HPs)
             Began as a Coglin Warper on Mar 18, 2024.
             Was the Champion of Cheibriados.
             Escaped with the Orb
             ... and 15 runes on Mar 19, 2024!
             The game lasted 01:33:58 (78697 turns).

ray2 the Swordmaster (Coglin Warper)               Turns: 78697, Time: 01:33:59

Health: 273/273    AC:  9    Str: 28    XL:     27
Magic:  71/71      EV: 51    Int: 34    God:    Cheibriados [******]
Gold:   18130      SH:  0    Dex: 38    Spells: 53/78 levels left

rFire   + + +        n - +6 double sword "Axuggium" {flame, Int+2}
rCold   + . .        G - +9 demon blade (heavy) {Chitauli}
rNeg    + + +        u - +1 robe of Vines {NoPotionHeal Regen++++}
rPois   ∞            W - +1 hat of Vinos {MP+9 Int+4}
rElec   +            k - -2 cloak "Maer" {*Slow rF+++ MP+9 Int-3}
rCorr   .            q - +0 pair of gloves of Cireoc {rN+ Slay+2}
SInv    +            F - +1 pair of boots of an ice cave {SInv}
Will    ++++.        (amulet unavailable)
Stlth   ++           (ring unavailable)
HPRegen 4.65/turn    (ring unavailable)
MPRegen 0.82/turn    L - emergency compensator {Will+ Regen+ RegenMP+ Slay+3}

%: slow self (1%)
@: death-form, studying Ranged Weapons, very slow
A: vile attack, torment immunity, no potions, off-hand wielding, slow wielding,
warmup strikes, no jewellery, robust 1, electricity resistance
0: Orb of Zot
}: 15/15 runes: decaying, serpentine, slimy, silver, golden, iron, obsidian,
icy, bone, abyssal, demonic, glowing, magical, fiery, dark
a: Siphon Essence, Begin Untransformation, Renounce Religion, Bend Time,
Temporal Distortion, Slouch, Step From Time


You escaped.
You worshipped Cheibriados.
Cheibriados was exalted by your worship.
You were an undying horror.
You visited 18 branches of the dungeon, and saw 88 of its levels.
You visited Pandemonium 1 time, and saw 16 of its levels.
You visited the Abyss 2 times.
You also visited: Trove.

You collected 20296 gold pieces.
You spent 2166 gold pieces at shops.

Inventory:

Hand Weapons
 n - the +6 double sword "Axuggium" (weapon) {flame, Int+2}
   (You acquired it on level 4 of the Dungeon)

   Int+2:     It affects your intelligence (+2).
 G - a +9 heavy demon blade (offhand) {Chitauli}
Missiles
 d - 8 curare-tipped darts (quivered)
 P - 3 throwing nets
Armour
 e - a +1 cloak of poison resistance
 k - the -2 cloak "Maer" (worn) {*Slow rF+++ MP+9 Int-3}
   (You found it on level 3 of the Tomb of the Ancients)

   Int-3:     It affects your intelligence (-3).
   rF+++:     It renders you almost immune to fire.
   MP+9:      It affects your magic capacity (+9).
   *Slow:     It may slow you when you take damage.
 l - the scarf of the Heavens {repulsion, rC+ Str+4}
   (You acquired it on level 5 of the Realm of Zot)

   Str+4:     It affects your strength (+4).
   rC+:       It protects you from cold.
 q - the +0 pair of gloves of Cireoc (worn) {rN+ Slay+2}
   (You found it on level 3 of the Dungeon)

   Slay+2:    It affects your accuracy & damage with ranged weapons and melee
   (+2).
   rN+:       It protects you from negative energy.
 u - the +1 robe of Vines (worn) {NoPotionHeal Regen++++}
   (You found it on level 10 of the Dungeon)

   NoPotionHeal: Its wearer cannot be healed by potions.
   Regen++++: It increases your rate of health regeneration.
 F - the +1 pair of boots of an ice cave (worn) {SInv}
   (You found it on level 3 of the Elven Halls)

   SInv:      It lets you see invisible.
 Q - +0 fire dragon scales
 W - the +1 hat of Vinos (worn) {MP+9 Int+4}
   (You found it on level 2 of the Swamp)

   Int+4:     It affects your intelligence (+4).
   MP+9:      It affects your magic capacity (+9).
Gizmo
 L - an emergency compensator (installed) {Will+ Regen+ RegenMP+ Slay+3}
   (You invented it yourself on level 2 of the Lair of Beasts)

   [emergency compensator]

   Slay+3:    It affects your accuracy & damage with ranged weapons and melee
   (+3).
   Will+:     It increases your willpower.
   Regen+:    It increases your rate of health regeneration.
   RegenMP+:  It increases your rate of magic regeneration.
Talismans
 D - a talisman of death (active)
Wands
 B - a wand of roots (119)
 M - a wand of digging (59)
 R - a wand of light (52)
Scrolls
 a - 6 scrolls of fog
 b - 20 scrolls of immolation {!r!r}
 c - 6 scrolls of blinking
 f - 5 scrolls of fear
 g - 19 scrolls of revelation
 p - 2 scrolls of enchant armour
 v - 35 scrolls of teleportation
 y - 3 scrolls of enchant weapon
 I - 7 scrolls of butterflies
 T - 3 scrolls of silence
 U - 7 scrolls of brand weapon
Potions
 h - 5 potions of might
 j - 15 potions of mutation
 m - 11 potions of attraction
 o - 17 potions of heal wounds
 r - 2 potions of invisibility
 t - 26 potions of curing
 w - 7 potions of magic
 x - 14 potions of lignification {!q!q}
 z - 7 potions of resistance
 A - 11 potions of cancellation
 E - 10 potions of ambrosia
 K - 9 potions of enlightenment
Miscellaneous
 s - a phial of floods
 C - a phantom mirror
 H - a figurine of a ziggurat
 J - a lightning rod (4/4)
 O - a condenser vane
 S - a box of beasts


   Skills:
 O Level 27 Fighting
 O Level 27 Long Blades
 - Level 0.8 Throwing
 - Level 14.5 Armour
 O Level 27 Dodging
 - Level 6.0 Stealth
 * Level 26.3 Spellcasting
 - Level 12.0 Necromancy
 - Level 16.0 Translocations
 - Level 9.0 Invocations
 - Level 12.4 Evocations
 - Level 23.0 Shapeshifting


You had 53 spell levels left.
You knew the following spells:

 Your Spells              Type           Power      Damage    Failure   Level
a - Blink                 Tloc           100%       N/A       0%          2
b - Lesser Beckoning      Tloc           100%       N/A       0%          2
c - Manifold Assault      Tloc           100%       N/A       0%          4
d - Fugue of the Fallen   Necr           90%        N/A       0%          3
e - Sublimation of Blood  Necr           90%        N/A       0%          2
f - Vhi's Electric Charg  Tloc/Air       100%       N/A       1%          4
g - Apportation           Tloc           100%       N/A       0%          1
h - Passwall              Erth           44%        N/A       1%          3
i - Passage of Golubria   Tloc           100%       N/A       0%          4

Your spell library contained the following spells:

 Spells                   Type           Power      Damage    Failure   Level
 Necrotise                Necr           100%       1d9       0%          1
 Gell's Gravitas          Tloc           100%       N/A       0%          3
 Teleport Other           Tloc           100%       N/A       0%          3
 Vampiric Draining        Necr           90%        2d12      0%          3
 Foxfire                  Conj/Fire      100%       2x1d9     1%          1
 Kiss of Death            Conj/Necr      100%       2d13      1%          1
 Magic Dart               Conj           100%       1d8       1%          1
 Sandblast                Erth           88%        2d18      1%          1
 Shock                    Conj/Air       100%       1d9       1%          1
 Slow                     Hex            100%       N/A       1%          1
 Sting                    Conj/Alch      100%       1d9       1%          1
 Summon Small Mammal      Summ           100%       N/A       1%          1
 Call Imp                 Summ           88%        N/A       1%          2
 Cigotuvi's Dreadful Rot  Necr/Alch/Air  100%       N/A       1%          2
 Ensorcelled Hibernation  Hex/Ice        88%        N/A       1%          2
 Jinxbite                 Hex            88%        N/A       1%          2
 Mercury Vapours          Alch/Air       88%        N/A       1%          2
 Scorch                   Fire           88%        2d8       1%          2
 Searing Ray              Conj           88%        2d7       1%          2
 Static Discharge         Conj/Air       88%        3-7/arc   1%          2
 Confusing Touch          Hex            44%        N/A       1%          3
 Dazzling Flash           Conj/Hex       88%        N/A       1%          3
 Frozen Ramparts          Ice            88%        1d14      1%          3
 Hailstorm                Conj/Ice       44%        3d9       1%          3
 Inner Flame              Hex/Fire       44%        N/A       1%          3
 Mephitic Cloud           Conj/Alch/Air  44%        N/A       1%          3
 Ozocubu's Armour         Ice            44%        N/A       1%          3
 Stone Arrow              Conj/Erth      88%        3d12      1%          3
 Summon Ice Beast         Ice/Summ       44%        N/A       1%          3
 Swiftness                Air            44%        N/A       1%          3
 Volatile Blastmotes      Fire/Tloc      100%       2d18      1%          3
 Anguish                  Hex/Necr       35%        N/A       1%          4
 Animate Dead             Necr           90%        N/A       1%          4
 Dispel Undead            Necr           90%        3d29      1%          4
 Iskenderun's Mystic Bla  Conj/Tloc      78%        2d16      1%          4
 Martyr's Knell           Necr/Summ      71%        N/A       1%          4
 Borgnjor's Vile Clutch   Necr/Erth      35%        N/A       1%          5
 Curse of Agony           Necr           90%        N/A       1%          5
 Summon Forest            Summ/Tloc      39%        N/A       1%          5
 Death Channel            Necr           45%        N/A       1%          6
 Dispersal                Tloc           50%        N/A       1%          6
 Airstrike                Air            22%        2d(4-20)  4%          4
 Animate Armour           Summ/Erth      88%        N/A       4%          4
 Brom's Barrelling Bould  Conj/Erth      44%        2d6       4%          4
 Cause Fear               Hex            22%        N/A       4%          4
 Flame Wave               Conj/Fire      44%        2d11      4%          4
 Fulminant Prism          Conj/Alch      22%        3d12      4%          4
 Ignite Poison            Fire/Alch      44%        N/A       4%          4
 Leda's Liquefaction      Alch/Erth      22%        N/A       4%          4
 Olgreb's Toxic Radiance  Alch           44%        N/A       4%          4
 Petrify                  Alch/Erth      44%        N/A       4%          4
 Sticky Flame             Fire/Alch      44%        2d8       4%          4
 Summon Blazeheart Golem  Fire/Summ      44%        N/A       4%          4
 Summon Lightning Spire   Summ/Air       44%        N/A       4%          4
 Disjunction              Tloc           50%        N/A       4%          8
 Alistair's Intoxication  Alch           29%        N/A       14%         5
 Arcjolt                  Conj/Air       22%        1d32      14%         5
 Fireball                 Conj/Fire      22%        3d10      14%         5
 Freezing Cloud           Conj/Ice/Air   22%        6-21      14%         5
 Irradiate                Conj/Alch      22%        3d19      14%         5
 Lee's Rapid Deconstruct  Erth           22%        3d12*     14%         5
 Metabolic Englaciation   Hex/Ice        22%        N/A       14%         5
 Silence                  Hex/Air        22%        N/A       14%         5
 Malign Gateway           Summ/Tloc      39%        N/A       16%         7
 Borgnjor's Revivificati  Necr           45%        N/A       24%         8
 Infestation              Necr           45%        N/A       24%         8
 Haunt                    Necr/Summ      35%        N/A       36%         7
 Conjure Ball Lightning   Conj/Air       22%        3x3d6     61%         6
 Permafrost Eruption      Ice/Erth       22%        2x4d7     61%         6
 Plasma Beam              Fire/Air       22%        2x1d34    61%         6
 Sculpt Simulacrum        Ice/Alch       22%        N/A       61%         6
 Starburst                Conj/Fire      22%        6d7       61%         6
 Death's Door             Necr           45%        N/A       98%         9
 Enfeeble                 Hex            22%        N/A       99%         7
 Orb of Destruction       Conj           22%        9d8       99%         7
 Ozocubu's Refrigeration  Ice            22%        4d12      99%         7
 Spellforged Servitor     Conj/Summ      22%        N/A       99%         7
 Summon Hydra             Summ           22%        N/A       99%         7
 Discord                  Hex            22%        N/A       100%        8
 Lehudib's Crystal Spear  Conj/Erth      22%        10d6      100%        8
 Maxwell's Capacitive Co  Air            22%        ∞         100%        8
 Summon Horrible Things   Summ           22%        N/A       100%        8
 Chain Lightning          Conj/Air       22%        3d29      100%        9
 Dragon's Call            Summ           22%        N/A       100%        9
 Fire Storm               Conj/Fire      22%        8d6       100%        9
 Shatter                  Erth           22%        3d19*     100%        9


Dungeon Overview and Level Annotations

Branches:
Dungeon (15/15)            Temple (1/1) D:4            Lair (5/5) D:11
  Swamp (4/4) Lair:2        Snake (4/4) Lair:2        Slime (5/5) Lair:4
    Orc (2/2) D:12            Elf (3/3) Orc:2        Vaults (5/5) D:14
  Crypt (3/3) Vaults:2       Tomb (3/3) Crypt:3      Depths (4/4) D:15
   Hell (visited)             Dis (7/7) Hell            Geh (7/7) Hell
    Coc (7/7) Hell            Tar (7/7) Hell            Zot (5/5) Depths:4

Altars:
Ashenzari
Cheibriados
Dithmenos
Elyvilon
Fedhas
Gozag
Hepliaklqana
Kikubaaqudgha
Makhleb
Nemelex Xobeh
Okawaru
Qazlal
Sif Muna
Trog
Uskayaw
Vehumet
Wu Jian
Xom
Yredelemnul
Zin
The Shining One

Shops:
D:4 *   D:5 *   D:15 **   Orc:1 =   Orc:2 =[:(   Elf:1 !(*[   Snake:1 (
Vaults:3 [**   Vaults:4 [

Portals:
Hell: Depths:1 Depths:2 Depths:3 Depths:4
Abyss: Depths:3 Depths:4
Pandemonium: Depths:2
Ziggurat: Depths:2

Annotations:
Snake:2 2 transporters
Snake:3 3 runed translucent doors, Hiysiah Usue's ghost, adept DsFi; Ighip's ghost, adept DEEE; Lutuw's ghost, adept DrBr


Innate Abilities, Weirdness & Mutations

You are an undying horror.
Your melee and unarmed attacks drain, slow and weaken victims.
You are immune to unholy pain and torment.
You cannot drink.
You are immune to poison.
You can wield a second weapon in your off-hand.
It takes a long time for you to wield or remove held weapons.
Your first few attacks do less damage.
You cannot equip rings or amulets.
You are robust. (+10% HP)
You are resistant to electric shocks. (rElec)


Message History

Confirm with . or Enter, or press ? or * to list all spells.
You can't see anything to attack.
Casting: Manifold Assault (safe; 0% risk of failure)
Confirm with . or Enter, or press ? or * to list all spells.
You can't see anything to attack.
What level of the Dungeon? (default 1, ? - help) Magic restored.
There is a stone staircase leading up here.
You climb upwards.
There is a stone staircase leading down here.
There is a stone staircase leading up here.
You climb upwards.
There is a stone staircase leading down here.
A Hell Sentinel comes into view.
Casting: Manifold Assault (safe; 0% risk of failure)
Confirm with . or Enter, or press ? or * to list all spells.
Space momentarily warps into an impossible shape!
You chop the Hell Sentinel into pieces with your +9 heavy demon blade!!!
The Hell Sentinel decays.
You slash the Hell Sentinel with the +6 double sword "Axuggium"!
The Hell Sentinel decays.
Casting: Manifold Assault (safe; 0% risk of failure)
Confirm with . or Enter, or press ? or * to list all spells.
Space momentarily warps into an impossible shape!
You slice the Hell Sentinel like a ripe choko with your +9 heavy demon blade!!!!
You kill the Hell Sentinel!
Cheibriados appreciates the change of pace.
Casting: Manifold Assault (safe; 0% risk of failure)
Confirm with . or Enter, or press ? or * to list all spells.
You can't see anything to attack.
Casting: Manifold Assault (safe; 0% risk of failure)
Confirm with . or Enter, or press ? or * to list all spells.
You can't see anything to attack.
What level of the Dungeon? (default 1, ? - help)
Things that are here:
5 stones; a +0 dagger {Kenji}; a kobold skeleton Magic restored.
There is an open door here.
There is a staircase leading out of the dungeon here.
You have escaped!

......#.#####.#####.........#
.#....#.#...#.#...#.........#
.#....#.#.>.#.'...#.........#
.#.#..#.#...#.#...#..###+##.#
.#.#..#.##'##.#####..# #.##.####
.#.#..#..............# #.##....#
.#.#..#.#####.##'##..# #.......#
...#....#...#.#...#..###.......#
.#.#..#.#...'.#.z.#....'>......#
......#.#...#.#...#.#.##......##
...#.##.#####.#####.#.##......#
####.##.............#.##......#
.....#########........##......#
###### ###########......#
########


There were no monsters in sight!

Vanquished Creatures
  Cerebov (Pan)
  Antaeus (Coc:7)
  the Royal Jelly (Slime:5)
  Asmodeus (Geh:7)
  Mnoleg (Pan)
  Ereshkigal (Tar:7)
  Ignacio (Pan)
  Gloorx Vloq (Pan)
  Lom Lobon (Pan)
  the Serpent of Hell (Tar:7)
  Dispater (Dis:7)
  9 dread liches
  Khufu (Tomb:2)
  6 ancient liches
  4 orbs of fire (Zot:5)
  Mennas (Tomb:2)
  32 royal mummies
  Josephina (Depths:4)
  Sojobo (Vaults:3)
  Saint Roka (Crypt:2)
  9 shard shrikes
  5 Killer Klowns
  Bai Suzhen (Crypt:1)
  Vv (Crypt:1)
  4 curse toes
  Vashnia (Snake:4)
  Geryon (Hell)
  11 golden dragons
  39 caustic shrikes
  9 pandemonium lords
  Nikola (Vaults:2)
  34 bone dragons
  5 profane servitors
  9 Tzitzimimeh
  21 doom hounds
  13 Brimstone Fiends
  19 hellephants
  5 electric golems
  25 Ice Fiends
  9 iron giants
  23 Hell Sentinels
  27 Orb Guardians
  21 tentacled monstrosities
  2 walking crystal tomes
  A shard shrike skeleton (Crypt:2)
  Mlioglotl (Swamp:3)
  17 tainted leviathans
  Jorgrun (D:13)
  A deep elf master archer (Elf:3)
  10 liches
  25 titans
  12 sphinxes
  A walking frostbound tome (Depths:4)
  24 searing wretches
  10 quicksilver dragons
  A walking divine tome (Depths:3)
  12 tentacled starspawn
  Frances (Snake:1)
  23 acid blobs
  An eldritch tentacle (Tar:3)
  25 ancient champions
  Donald (Snake:1)
  13 death cobs
  28 Executioners
  3 thorn hunters (Swamp:3)
  16 storm dragons
  10 tengu reavers
  18 shadow dragons
  Kirke (Swamp:1)
  14 azure jellies
  Aizul (Snake:4)
  5 nagarajas (Snake:4)
  10 demonspawn warmongers (Pan)
  7 draconian knights
  A fenstrider witch (Pan)
  12 narguns
  5 revenants
  9 draconian monks
  11 rockslimes
  11 protean progenitors
  4 draconian scorchers
  21 fire giants
  A caustic shrike zombie (Geh:5)
  13 frost giants
  7 deep elf sorcerers
  14 ghost moths
  15 quicksilver elementals
  6 iron dragons
  9 draconian shifters
  5 deep elf elementalists (Elf:3)
  4 spectral caustic shrikes
  A juggernaut zombie (Crypt:3)
  17 vault wardens
  21 reapers
  4 draconian stormcallers
  13 draconian annihilators
  39 balrugs
  2 curse skulls (Pan)
  An angel (Abyss:4)
  2 spriggan defenders (Depths:3)
  3 caustic shrike skeletons (Pan)
  21 ironbound preservers
  4 ghouls
  7 shard shrike simulacra
  28 cacodemons (Pan)
  6 demonspawn blood saints
  8 juggernaut skeletons (Pan)
  7 formless jellyfish
  20 very ugly things
  12 demonspawn corrupters (Pan)
  5 ironbound thunderhulks
  9 stone giants
  A starflower (Abyss:3)
  12 quicksilver oozes
  A dire elephant (Lair:5)
  10 vampire knights
  13 demonspawn black suns
  17 black draconians
  7 deep elf demonologists
  12 eleionomae
  14 deep elf annihilators
  11 deep elf death magi
  32 yellow draconians
  21 white draconians
  6 bunyips
  25 elemental wellsprings
  12 bennus
  28 war gargoyles
  14 purple draconians
  21 green draconians
  4 putrid mouths
  2 spark wasps (Depths:1)
  15 lorocyprocas
  15 red draconians
  20 eidola
  9 wendigos
  2 shambling mangroves (Swamp:4)
  7 ettins
  31 mummy priests
  20 blizzard demons
  An elf zombie (Tomb:1)
  20 iron golems
  An acid blob zombie (Crypt:2)
  5 deep elf high priests
  8 fire dragons
  3 entropy weavers
  11 jiangshi
  A spectral spriggan (Tar:2)
  A spectral quicksilver dragon (Tar:4)
  4 crystal guardians
  A merfolk javelineer (Depths:2)
  18 yaktaur captains
  11 green deaths
  6 great orbs of eyes
  29 hydras
  12 ice dragons
  3 peacekeepers
  9 rakshasas
  16 caustic shrike simulacra
  37 vault guards
  2 spriggan skeletons
  A jorogumo (Pan)
  5 hell beasts
  6 salamander tyrants
  3 anacondas
  5 ironbound frosthearts
  3 catoblepae
  5 spriggan air magi
  7 ogre magi
  6 alligators
  5 ghost crabs
  7 juggernaut simulacra
  21 dancing weapons
  16 centaur warriors
  10 stokers
  A sphinx skeleton (Vaults:2)
  A satyr (Zot:1)
  23 two-headed ogres
  3 boulder beetles
  3 death yaks (Lair:5)
  50 death scarabs
  13 deep troll shamans
  14 naga warriors
  12 deep troll earth magi
  5 demonic crawlers (Pan)
  32 hell hogs
  3 occultists
  9 tengu warriors
  12 vampire magi
  6 spriggan berserkers
  3 orc high priests
  8 thrashing horrors
  2 spectral nagas
  5 shock serpents
  13 naga sharpshooters
  5 spriggans
  12 crystal echidnas
  85 sun demons
  38 soul eaters
  15 hell knights
  6 hellephant skeletons (Pan)
  A titan skeleton (Crypt:3)
  6 wretched stars (Abyss:4)
  A spark wasp zombie (D:15)
  48 skeletal warriors
  3 storm dragon zombies
  A skyshark (Lair:4)
  3 salamander mystics (Snake:2)
  16 deep elf knights
  2 spectral bunyips (Tar:1)
  A cherub (Pan)
  20 sixfirhies (Pan)
  4 sea snakes (Snake:4)
  15 iron trolls
  7 goliath frogs
  A sea snake (shapeshifter) (Vaults:5)
  A spatial maelstrom (Abyss:2)
  A golden dragon zombie (Crypt:3)
  3 orb spiders (Pan)
  A swamp dragon (shapeshifter) (Vaults:5)
  2 spriggan druids (Swamp:4)
  2 quicksilver dragon simulacra
  2 death drakes (Depths:4)
  22 shadow wraiths
  A spectral anaconda (Tar:4)
  12 sun moths (Pan)
  A mana viper (shapeshifter) (Vaults:5)
  6 glowing orange brains
  16 flayed ghosts
  A glowing orange brain (shapeshifter) (Depths:3)
  2 golden dragon skeletons (Crypt:3)
  4 mana vipers
  16 shadow demons
  3 naga ritualists
  A spectral hydra (Tar:2)
  66 deep trolls
  7 swamp dragons (Swamp:4)
  11 deep elf archers
  2 arcanists
  A goliath frog zombie (Crypt:1)
  9 bog bodies
  2 steelbarb worms (Pan)
  6 thermic dynamos (Elf:3)
  9 spriggan simulacra
  30 deep elf pyromancers
  17 necromancers
  A shining eye (shapeshifter) (Depths:2)
  5 harpies (Vaults:2)
  3 wolf spiders (Pan)
  19 starcursed masses (Abyss:4)
  An iron giant skeleton (Crypt:1)
  8 phantasmal warriors
  An orc sorcerer (Crypt:2)
  21 ironbound convokers
  37 ugly things
  26 deep elf zephyrmancers
  A stone giant zombie (Vaults:3)
  A spectral ettin (Tar:2)
  6 oklob plants
  13 lindwurms
  7 orc knights
  19 moths of wrath
  6 shining eyes
  2 fire giant zombies
  An iron dragon skeleton (Depths:2)
  44 large abominations
  5 will-o-the-wisps
  2 worldbinders (Abyss:3)
  A meliai (D:14)
  7 cyclopes
  A toenail golem (D:15)
  5 kobold blastminers
  A dire elephant zombie (Tomb:2)
  4 manticores (D:14)
  2 spectral centaurs (Tar:2)
  A frost giant skeleton (Depths:2)
  33 black mambas
  17 salamanders
  A fire giant skeleton (Geh:5)
  14 elephants (Lair:5)
  8 rust devils
  16 vault sentinels
  A water nymph (shapeshifter) (Vaults:5)
  8 ice statues (Coc:1)
  A stone giant skeleton (Vaults:2)
  A torpor snail (Lair:5)
  8 guardian serpents
  An eye of devastation (Slime:3)
  27 orange demons
  4 storm dragon simulacra
  A centaur skeleton (Tomb:2)
  6 titan simulacra
  A gargoyle (D:12)
  A torpor snail (shapeshifter) (Vaults:5)
  Maggie (D:6)
  13 naga magi
  37 smoke demons
  A dire elephant skeleton (Crypt:3)
  7 cane toads
  8 rime drakes
  4 unseen horrors
  A pale draconian zombie (Crypt:2)
  5 komodo dragons
  4 freezing wraiths
  25 hellions
  24 yaktaurs
  9 efreet
  A yaktaur zombie (Vaults:3)
  A kobold demonologist (D:14)
  3 iron giant simulacra
  4 tengu conjurers
  6 ice devils
  A human zombie (Vaults:5)
  50 guardian mummies
  A death yak skeleton (Crypt:1)
  5 anaconda simulacra
  9 red devils
  5 ancient zymes
  35 tormentors
  A yaktaur skeleton (Vaults:3)
  2 elf skeletons
  3 spectral harpies
  Psyche (D:9)
  8 trolls
  11 hornets
  A harpy zombie (Tomb:1)
  4 tarantellas
  9 hellwings (Pan)
  A wind drake (shapeshifter) (Vaults:5)
  3 hydra skeletons
  A moth of wrath zombie (Crypt:2)
  A glass eye (shapeshifter) (Depths:3)
  11 raiju
  Grinder (D:5)
  10 tyrant leeches
  3 bloated husks
  A tarantella zombie (Crypt:1)
  A blink frog (shapeshifter) (Abyss:2)
  3 iron dragon simulacra
  2 harpy skeletons
  5 blink frogs
  2 polar bears (Lair:5)
  A fire giant simulacrum (Vaults:4)
  A fire dragon zombie (Geh:5)
  2 glass eyes
  2 dream sheep (Lair:5)
  3 stone giant simulacra
  A jumping spider (Vaults:3)
  117 slime creatures
  3 spriggan zombies
  A fire dragon skeleton (Tomb:2)
  A satyr skeleton (Crypt:2)
  2 air elementals
  A meliai zombie (Crypt:1)
  5 dire elephant simulacra
  2 ettin skeletons
  30 yaks
  A shadow (D:12)
  12 wraiths
  4 hogs (Swamp:1)
  4 naga simulacra
  2 alligator snapping turtle simulacra
  2 fire elementals
  4 vampires
  15 ushabtiu
  A wyvern (shapeshifter) (D:14)
  8 water elementals
  6 golden eyes
  7 wyverns
  26 neqoxecs
  28 ynoxinuls
  4 humans (Pan)
  8 basilisks
  4 redbacks
  14 chaos spawn (Pan)
  4 wargs
  Edmund (D:6)
  14 vampire mosquitoes
  10 harpy simulacra
  36 nagas
  19 swamp worms
  2 acid dragons
  9 water moccasins
  4 hell hounds (Pan)
  3 hydra simulacra
  A cane toad zombie (Crypt:1)
  8 ettin simulacra
  5 swamp drakes (Swamp:4)
  4 ice beasts
  7 black bears
  14 orc warriors
  A sky beast (D:7)
  30 laughing skulls
  6 small abominations
  A boggart (D:14)
  7 centaurs
  26 wolves
  A hog zombie (Crypt:3)
  A tengu (D:4)
  31 ogres
  2 phantoms (D:6)
  3 kobold brigands
  15 bullfrogs
  A gnoll sergeant (D:10)
  3 weeping skulls
  2 brain worms (Pan)
  A scorpion (D:6)
  A komodo dragon skeleton (Crypt:1)
  A water moccasin zombie (Crypt:3)
  5 human skeletons
  A cyclops skeleton (Crypt:1)
  A wyvern skeleton (Crypt:2)
  3 wights (D:10)
  A hornet simulacrum (D:14)
  A yak zombie (Crypt:1)
  A raiju zombie (Crypt:2)
  5 killer bees
  A killer bee (shapeshifter) (Vaults:5)
  A shapeshifter skeleton (Crypt:1)
  10 electric eels
  3 howler monkeys
  5 lava snakes (Lair:1)
  A bombardier beetle (D:3)
  A quasit (Abyss:2)
  11 orc priests
  5 hounds
  25 jellies
  A bullfrog skeleton (Crypt:3)
  Crazy Yiuf (D:5)
  A gnoll bouda (D:6)
  Ijyb (D:5)
  A sleepcap (D:6)
  5 iguanas
  22 orc wizards
  5 hell rats (Lair:5)
  An ice beast zombie (Crypt:3)
  A crocodile skeleton (Crypt:3)
  A howler monkey zombie (Crypt:2)
  64 mummies
  5 adders
  7 gnolls
  A swamp drake skeleton (Crypt:3)
  3 white imps
  A ribbon worm zombie (Crypt:2)
  2 ufetubi (D:6)
  5 ribbon worms
  2 dart slugs (D:2)
  63 orcs
  6 endoplasms
  7 giant cockroaches
  11 goblins
  5 hobgoblins
  2 jackals (D:2)
  5 quokkas
  10 ball pythons
  4 bats
  2 frilled lizards
  A frilled lizard skeleton (Crypt:2)
  A giant cockroach zombie (Crypt:1)
  22 kobolds
  8 rats
  6 aspiring fleshes
  10 creeping infernos
  14 fire vortices
  5 starspawn tentacles (Abyss:4)
4213 creatures vanquished.

Vanquished Creatures (collateral kills)
  A quicksilver ooze (Slime:5)
1 creature vanquished.

Vanquished Creatures (others)
  An eldritch tentacle (Pan)
  A shard shrike simulacrum (Coc:7)
  A white draconian (Zot:2)
  A caustic shrike simulacrum (Depths:4)
  A fire giant zombie (Geh:5)
  A golden dragon simulacrum (Depths:4)
  A creeping inferno (Geh:7)
  11 starspawn tentacles
18 creatures vanquished.

Grand Total: 4232 creatures vanquished

Notes
Turn   | Place    | Note
-------+----------+-------------------------------------------
     0 | D:1      | ray2 the Coglin Warper began the quest for the Orb.
     0 | D:1      | Reached XP level 1. HP: 16/16 MP: 3/3
    44 | D:1      | Reached XP level 2. HP: 17/22 MP: 4/4
   426 | D:1      | Learned a level 2 spell: Blink
   429 | D:1      | Learned a level 2 spell: Lesser Beckoning
   590 | D:2      | Reached XP level 3. HP: 25/27 MP: 5/5
   782 | D:2      | Reached XP level 4. HP: 33/33 MP: 6/6
   831 | D:2      | Noticed Sigmund
   833 | D:2      | Noticed Sigmund
   847 | D:2      | Killed Sigmund the hound
  1153 | D:2      | Reached skill level 5 in Long Blades
  1347 | D:2      | Reached XP level 5. HP: 38/38 MP: 7/7
  1800 | D:3      | Identified the +0 pair of gloves of Cireoc {rN+ Slay+2}
  1827 | D:3      | Noticed an ice beast
  2106 | D:3      | Found a faded altar of an unknown god.
  2270 | D:3      | Killed an ice beast
  2271 | D:3      | Reached XP level 6. HP: 34/44 MP: 8/8
  2321 | D:3      | Found a bloodstained altar of Trog.
  2481 | D:4      | an ogre changed into a hornet
  2481 | D:4      | Noticed a hornet
  2483 | D:4      | a hornet changed into a wyvern
  2483 | D:4      | Noticed a wyvern
  2485 | D:4      | a wyvern changed into a swamp drake
  2485 | D:4      | Noticed a swamp drake
  2486 | D:4      | a swamp drake changed into a tengu
  2619 | D:4      | Identified a scroll of acquirement
  2619 | D:4      | Acquired the +6 double sword "Axuggium" {flame, Int+2}
  2775 | D:4      | Reached XP level 7. HP: 27/50 MP: 9/9
  3027 | D:4      | Learned a level 4 spell: Manifold Assault
  3029 | D:4      | Learned a level 1 spell: Apportation
  3040 | D:4      | Found a staircase to the Ecumenical Temple.
  3051 | Temple   | Entered the Ecumenical Temple
  3064 | Temple   | Became a worshipper of Cheibriados the Contemplative
  3146 | D:4      | Found Jungirch's General Store.
  3154 | D:4      | Bought a potion of curing for 36 gold pieces
  3191 | D:5      | Entered Level 5 of the Dungeon
  3301 | D:5      | Noticed Ijyb
  3307 | D:5      | Killed Ijyb
  3383 | D:5      | Found Canimuewn's General Store.
  3757 | D:5      | Noticed Grinder
  3762 | D:5      | Paralysed by Grinder for 5 turns
  3771 | D:5      | Killed Grinder
  3772 | D:5      | Reached XP level 8. HP: 43/56 MP: 10/10
  3858 | D:5      | Found a shimmering blue altar of Sif Muna.
  3875 | D:5      | Found a runed translucent door.
  3876 | D:5      | Noticed Crazy Yiuf
  4021 | D:5      | Found a stormy altar of Qazlal.
  4023 | D:5      | Noticed an air elemental
  4023 | D:5      | Noticed a water elemental
  4092 | D:5      | Found a hide-covered altar of Uskayaw.
  4101 | D:5      | Identified the +3 war axe of the Feather {spect, rPois}
  4314 | D:5      | Killed Crazy Yiuf
  4486 | D:6      | Reached skill level 10 in Long Blades
  4486 | D:6      | Reached skill level 1 in Armour
  4487 | D:6      | Reached * piety under Cheibriados
  4693 | D:6      | Noticed Edmund
  4701 | D:6      | Killed Edmund
  4721 | D:6      | Reached XP level 9. HP: 62/62 MP: 13/13
  4763 | D:6      | Noticed Maggie
  4772 | D:6      | Killed Maggie
  5004 | D:6      | Reached ** piety under Cheibriados
  6473 | D:8      | Found a glowing golden altar of the Shining One.
  6645 | D:8      | Reached skill level 5 in Translocations
  6646 | D:8      | Reached XP level 10. HP: 71/71 MP: 0/16
  6941 | D:8      | Reached *** piety under Cheibriados
  7128 | D:8      | Found a glowing silver altar of Zin.
  7236 | D:8      | Found a white marble altar of Elyvilon.
  7296 | D:8      | Found a basalt altar of Yredelemnul.
  7504 | D:9      | Noticed Psyche
  7508 | D:9      | Killed Psyche
  7509 | D:9      | Reached skill level 5 in Spellcasting
  7682 | D:9      | Found a sparkling altar of Nemelex Xobeh.
  8593 | D:10     | Entered Level 10 of the Dungeon
  8600 | D:10     | Reached **** piety under Cheibriados
  9111 | D:10     | Noticed a four-headed hydra
  9117 | D:10     | Killed a four-headed hydra
  9118 | D:10     | Reached skill level 5 in Fighting
  9118 | D:10     | Reached skill level 1 in Evocations
  9118 | D:10     | Reached XP level 11. HP: 79/79 MP: 1/19
  9923 | D:10     | Found the +1 robe of Vines {NoPotionHeal Regen++++}
 10102 | D:11     | Noticed a two-headed ogre
 10106 | D:11     | Killed a two-headed ogre
 10215 | D:11     | Identified the +0 leather armour of Noughts and Crosses
                  | {+Inv rN++}
 10831 | D:11     | Found a staircase to the Lair.
 11372 | D:12     | Noticed a fire dragon
 11378 | D:12     | Killed a fire dragon
 11379 | D:12     | Reached skill level 5 in Dodging
 11476 | D:12     | Noticed a two-headed ogre
 11478 | D:12     | Killed a two-headed ogre
 11636 | D:12     | Found a staircase to the Orcish Mines.
 11884 | D:12     | Found a basalt altar of Yredelemnul.
 11946 | D:12     | Reached ***** piety under Cheibriados
 12521 | D:12     | Noticed a rakshasa
 12526 | D:12     | Killed a rakshasa
 13522 | Orc:1    | Entered Level 1 of the Orcish Mines
 13643 | Orc:1    | Found Mesideti's Jewellery Shoppe.
 13746 | Orc:1    | Reached XP level 12. HP: 26/88 MP: 1/22
 14489 | Orc:2    | Entered Level 2 of the Orcish Mines
 14489 | Orc:2    | Noticed an ogre mage
 14489 | Orc:2    | Noticed a two-headed ogre
 14489 | Orc:2    | Noticed a two-headed ogre
 14489 | Orc:2    | Noticed a two-headed ogre
 14493 | Orc:2    | Killed a two-headed ogre
 14494 | Orc:2    | Noticed a two-headed ogre
 14495 | Orc:2    | Killed a two-headed ogre
 14500 | Orc:1    | Killed a two-headed ogre
 14501 | Orc:1    | Reached skill level 5 in Evocations
 14613 | Orc:2    | Killed a two-headed ogre
 14681 | Orc:2    | Killed an ogre mage
 15087 | Orc:2    | Noticed a two-headed ogre
 15089 | Orc:2    | Killed a two-headed ogre
 15364 | Orc:2    | Noticed a two-headed ogre
 15365 | Orc:2    | Found Sareikh's Jewellery Boutique.
 15365 | Orc:2    | Found Modghoh's Book Emporium.
 15365 | Orc:2    | Found Koullusy's Antique Armour Emporium.
 15365 | Orc:2    | Found Pimpeat's Antique Weapon Shop.
 15365 | Orc:2    | Noticed a two-headed ogre
 15365 | Orc:2    | Noticed a two-headed ogre
 15365 | Orc:2    | Noticed an ogre mage
 15365 | Orc:2    | Noticed an ogre mage
 15365 | Orc:2    | Noticed a two-headed ogre
 15365 | Orc:2    | Noticed an ogre mage
 15365 | Orc:2    | Noticed an ogre mage
 15365 | Orc:2    | Noticed a two-headed ogre
 15365 | Orc:2    | Noticed a two-headed ogre
 15365 | Orc:2    | Noticed a two-headed ogre
 15366 | Orc:2    | Noticed a two-headed ogre
 15366 | Orc:2    | Noticed a two-headed ogre
 15368 | Orc:2    | Killed an ogre mage
 15368 | Orc:2    | Killed an ogre mage
 15368 | Orc:2    | Killed a two-headed ogre
 15368 | Orc:2    | Killed an ogre mage
 15368 | Orc:2    | Killed an ogre mage
 15368 | Orc:2    | Killed a two-headed ogre
 15368 | Orc:2    | Killed a two-headed ogre
 15368 | Orc:2    | Killed a two-headed ogre
 15368 | Orc:2    | Reached ****** piety under Cheibriados
 15368 | Orc:2    | Killed a two-headed ogre
 15369 | Orc:2    | Reached XP level 13. HP: 78/96 MP: 19/25
 15620 | Orc:2    | Bought a scorched cloak for 370 gold pieces
 15620 | Orc:2    | Identified the +0 cloak "Ykekkede" {-Tele rElec Str+2
                  | Int+3} (You bought it in a shop on level 2 of the Orcish
                  | Mines)
 15759 | Orc:2    | Found a staircase to the Elven Halls.
 16240 | Lair:1   | Entered Level 1 of the Lair of Beasts
 17766 | Lair:2   | Reached XP level 14. HP: 105/105 MP: 2/27
 17887 | Lair:2   | Acquired an emergency compensator {Will+ Regen+ RegenMP+
                  | Slay+3}
 18085 | Lair:2   | Found a staircase to the Swamp.
 18248 | Lair:2   | Found a staircase to the Snake Pit.
 19827 | Lair:4   | Reached skill level 15 in Long Blades
 19829 | Lair:4   | Reached skill level 10 in Spellcasting
 20048 | Lair:4   | Found a staircase to the Slime Pits.
 20261 | Lair:4   | Found the +1 eveningstar "Brilliance" {foul flame, Umbra}
 20889 | Lair:5   | Entered Level 5 of the Lair of Beasts
 21594 | Lair:5   | Noticed a dire elephant
 21600 | Lair:5   | Killed a dire elephant
 21611 | Lair:5   | Identified the +2 hand axe of Dismemberment {flame, rC- rN+
                  | Will+ Int+2}
 21646 | Lair:5   | Reached XP level 15. HP: 113/113 MP: 10/29
 22689 | D:13     | Noticed Jorgrun
 22694 | D:13     | Killed Jorgrun
 23250 | Orc:2    | Learned a level 2 spell: Sublimation of Blood
 23350 | D:13     | Learned a level 4 spell: Vhi's Electric Charge
 23356 | D:14     | Reached skill level 10 in Translocations
 23410 | D:14     | Reached skill level 1 in Necromancy
 23534 | D:14     | Found a gate to the Vaults.
 23920 | D:14     | Reached skill level 10 in Fighting
 24665 | D:15     | Entered Level 15 of the Dungeon
 24857 | D:15     | Found a staircase to the Depths.
 24898 | D:15     | Reached XP level 16. HP: 95/122 MP: 2/31
 24921 | D:15     | Found Wuok Nyi's General Store.
 24941 | D:15     | Bought a potion of invisibility for 136 gold pieces
 24941 | D:15     | Bought a potion of ambrosia for 136 gold pieces
 24941 | D:15     | Bought 2 scrolls of teleportation for 102 gold pieces
 25212 | D:15     | Found Iqug's Changing Room.
 25725 | Swamp:1  | Entered Level 1 of the Swamp
 25895 | Swamp:1  | Noticed Kirke
 25897 | Swamp:1  | Killed Kirke
 26085 | Swamp:1  | Reached skill level 1 in Stealth
 26339 | Swamp:2  | Found a transporter.
 26400 | Swamp:2  | Found a transporter.
 26463 | Swamp:2  | Identified the +6 plate armour of Valiance {Dex+5}
 26964 | Swamp:2  | Identified the +1 hat of Vinos {MP+9 Int+4}
 26967 | Swamp:2  | Identified the ring "Boyq" {Int+3 Slay+4}
 27028 | Swamp:3  | Noticed Mlioglotl
 27034 | Swamp:3  | Killed Mlioglotl
 27035 | Swamp:3  | Reached skill level 10 in Dodging
 27057 | Swamp:3  | Noticed a thorn hunter
 27059 | Swamp:3  | Killed a thorn hunter
 27132 | Swamp:3  | Identified the +9 trident of the Seer {flame, Fly MP+9}
 27151 | Swamp:3  | Noticed a thorn hunter
 27156 | Swamp:3  | Killed a thorn hunter
 27157 | Swamp:3  | Reached skill level 5 in Necromancy
 27157 | Swamp:3  | Reached XP level 17. HP: 102/131 MP: 23/33
 27462 | Swamp:4  | Entered Level 4 of the Swamp
 27498 | Swamp:4  | Reached skill level 5 in Armour
 27875 | Swamp:4  | Got a decaying rune of Zot
 28119 | Snake:1  | Entered Level 1 of the Snake Pit
 28164 | Snake:1  | Found a broken altar of Ashenzari.
 28412 | Snake:1  | Noticed Donald
 28420 | Snake:1  | Killed Donald
 28873 | Snake:1  | Reached XP level 18. HP: 140/140 MP: 31/34
 28898 | Snake:1  | Noticed Frances
 28901 | Snake:1  | Killed Frances
 29025 | Snake:1  | Found Vummor's Weapon Shop.
 29512 | Snake:2  | Found a transporter.
 29624 | Snake:2  | Found a transporter.
 30066 | Snake:3  | Found a runed translucent gate.
 30066 | Snake:3  | Found a runed translucent gate.
 30066 | Snake:3  | Found a runed translucent gate.
 30071 | Snake:3  | Noticed Lutuw's ghost (adept DrBr)
 30071 | Snake:3  | Noticed Hiysiah Usue's ghost (adept DsFi)
 30071 | Snake:3  | Noticed Ighip's ghost (adept DEEE)
 30498 | Snake:4  | Entered Level 4 of the Snake Pit
 30744 | Snake:4  | Noticed Vashnia
 30754 | Snake:4  | Killed Vashnia
 30893 | Snake:4  | Identified the serpent talisman of Gallantry {rF+}
 30893 | Snake:4  | Noticed Aizul
 30897 | Snake:4  | Killed Aizul
 30997 | Snake:4  | Noticed a quicksilver dragon
 31000 | Snake:4  | Killed a quicksilver dragon
 31087 | Snake:4  | Got a serpentine rune of Zot
 31582 | Elf:1    | Entered Level 1 of the Elven Halls
 31691 | Elf:1    | Reached XP level 19. HP: 148/148 MP: 36/36
 31847 | Elf:1    | Found the Hermit's Pendant {Faith Invo=14 Evo=0 MP+5}
 31856 | Elf:1    | Got the Commentary on Bringing Forth
 31945 | Elf:1    | Found Gaoquc's Assorted Antiques.
 31950 | Elf:1    | Found Ilatac's Antique Armour Emporium.
 31950 | Elf:1    | Found Curuoplu's Distillery.
 31953 | Elf:1    | Found Qeneinoa's Antique Weapon Shoppe.
 31955 | Elf:1    | Bought a scroll of enchant weapon for 240 gold pieces
 31955 | Elf:1    | Bought a potion of ambrosia for 256 gold pieces
 31955 | Elf:1    | Bought a scroll of teleportation for 96 gold pieces
 31958 | Elf:1    | Bought an embroidered cloak for 217 gold pieces
 31959 | Elf:1    | Bought a pair of embroidered boots for 217 gold pieces
 31966 | Elf:1    | Bought a potion of ambrosia for 120 gold pieces
 31966 | Elf:1    | Bought a potion of ambrosia for 120 gold pieces
 31966 | Elf:1    | Bought a potion of mutation for 120 gold pieces
 32249 | Elf:2    | Identified the +6 quarterstaff of Amorality {antimagic,
                  | rElec rPois rC+ Int-5}
 32390 | Elf:2    | Found a runed translucent gate.
 32390 | Elf:2    | Found a runed translucent gate.
 32401 | Elf:2    | Found a runed translucent gate.
 32752 | Elf:2    | Reached skill level 5 in Stealth
 32936 | Elf:3    | Entered Level 3 of the Elven Halls
 33374 | Elf:3    | Reached skill level 1 in Invocations
 33673 | Elf:3    | Reached XP level 20. HP: 155/158 MP: 28/38
 33787 | Elf:3    | Identified the ring "Uxiodar" {Will+ Stlth+}
 33803 | Elf:3    | Got the Cyclopedia of Scree and Intoxication
 33829 | Elf:3    | Identified the +2 scale mail of the Spheres {rElec Str+3}
 33832 | Elf:3    | Identified the +1 hat "Lunifol" {Str+3}
 33880 | Elf:3    | Identified the +0 scale mail of the Great Game {+Blink rF-
                  | rN++ Str-4}
 33885 | Elf:3    | Identified the staff of the Revolution {^Fragile rF+ rC+
                  | Str+5 Fire Air}
 33898 | Elf:3    | Identified the +6 short sword of the Sun {heavy, Dex+3}
 33909 | Elf:3    | Identified the +1 pair of boots of an ice cave {SInv}
 34000 | Elf:3    | Identified the staff "Uppawioqi" {rF- rN+ Will+ Dex+3
                  | Necro}
 34053 | Elf:3    | Learned a level 3 spell: Fugue of the Fallen
 34057 | Elf:3    | Learned a level 3 spell: Passwall
 34269 | Vaults:1 | Entered Level 1 of the Vaults
 34626 | Vaults:1 | Reached skill level 10 in Necromancy
 35616 | Vaults:2 | Reached XP level 21. HP: 166/166 MP: 21/39
 36279 | Vaults:2 | Identified the ring "Etech" {rPois Will++ Str+3}
 36393 | Vaults:2 | Noticed Nikola
 36398 | Vaults:2 | Killed Nikola
 36630 | Vaults:2 | Found a staircase to the Crypt.
 36723 | Vaults:3 | Found a glowing silver altar of Zin.
 37044 | Vaults:3 | Found Gozag's Assorted Antiques.
 37049 | Vaults:3 | Found an opulent altar of Gozag.
 37049 | Vaults:3 | Found Gozag's Assorted Antiques.
 37073 | Vaults:3 | Found Gozag's Antique Armour Shop.
 37171 | Vaults:3 | Noticed Sojobo
 37177 | Vaults:3 | Reached skill level 15 in Fighting
 37186 | Vaults:3 | Killed Sojobo
 37643 | Vaults:3 | Reached skill level 15 in Spellcasting
 37991 | Vaults:4 | Found a portal to a secret trove of treasure.
 38030 | Vaults:4 | Reached XP level 22. HP: 175/175 MP: 38/41
 38401 | Vaults:4 | Found Bonili's Armour Boutique.
 38545 | Vaults:5 | Entered Level 5 of the Vaults
 38545 | Vaults:5 | Noticed a golden dragon
 38558 | Vaults:5 | Killed a golden dragon
 38567 | Vaults:5 | Noticed a golden dragon
 38572 | Vaults:5 | Killed a golden dragon
 38673 | Vaults:5 | Identified the ring "Ytujetoi" {Ice rElec}
 38884 | Vaults:5 | Got a silver rune of Zot
 38975 | Vaults:5 | Found the necklace of Bloodlust {Fury *Rage Will++ Int-3
                  | Slay+6}
 39015 | Vaults:5 | Reached skill level 5 in Invocations
 39028 | Vaults:5 | Reached XP level 23. HP: 179/184 MP: 36/42
 39169 | Vaults:5 | Identified the +5 scale mail of Resonance {^Contam Int+4}
 39170 | Vaults:5 | Identified the ring "Faro" {+Blink rPois AC+4}
 39878 | Depths:1 | Entered Level 1 of the Depths
 39904 | Depths:1 | Reached skill level 15 in Dodging
 39995 | Depths:1 | Reached skill level 1 in Shapeshifting
 40168 | Depths:1 | Found a gateway to Hell.
 40475 | Depths:2 | Found a one-way gateway to a ziggurat.
 40609 | Depths:2 | Found a one-way gate leading to the halls of Pandemonium.
 40624 | Depths:2 | Found a hide-covered altar of Uskayaw.
 40738 | Depths:2 | Identified the +8 chain mail of Crawling {Regen+ Int+2}
 41087 | Depths:2 | Reached skill level 5 in Shapeshifting
 41134 | Depths:2 | Identified the +12 flail of Hospitality {freeze, rElec
                  | Str-3 Dex+6}
 41267 | Depths:2 | Reached XP level 24. HP: 191/192 MP: 38/43
 41393 | Depths:2 | Identified the +5 great mace of the Snake Pit {drain, rN+
                  | Str+6 Int-5}
 41682 | Depths:3 | Found a white marble altar of Elyvilon.
 42185 | Depths:3 | Reached skill level 10 in Shapeshifting
 42190 | Depths:3 | Found a one-way gate to the infinite horrors of the Abyss.
 42540 | Depths:4 | Entered Level 4 of the Depths
 42706 | Depths:4 | Found a hazy altar of Hepliaklqana.
 43206 | Depths:4 | Identified the ring of Leonlet {Ice Will+++ Str-4 Dex-4
                  | Stlth+}
 43206 | Depths:4 | Noticed Josephina
 43212 | Depths:4 | Killed Josephina
 43391 | Depths:4 | Reached XP level 25. HP: 186/201 MP: 35/43
 43438 | Depths:4 | Found a gate to the Realm of Zot.
 43918 | Crypt:1  | Entered Level 1 of the Crypt
 43956 | Crypt:1  | Noticed Bai Suzhen
 43961 | Crypt:1  | Reached skill level 15 in Shapeshifting
 43965 | Crypt:1  | Killed Bai Suzhen
 44312 | Vaults:4 | You paid a toll of 4 scrolls of fear to enter a treasure
                  | trove
 44313 | Trove    | Entered a treasure trove
 44320 | Trove    | Identified the -1 helmet "Meiqom Peisa" {Harm Str-5 Int+3}
 44342 | Trove    | Identified the scarf of Lojeagh {shadows, Harm Fly rElec
                  | rF+}
 44556 | Crypt:1  | Noticed Vv
 44648 | Crypt:1  | Killed Vv
 45088 | Crypt:2  | Noticed Saint Roka
 45096 | Crypt:2  | Killed Saint Roka
 45611 | Crypt:3  | Entered Level 3 of the Crypt
 45816 | Crypt:3  | Found an ancient bone altar of Kikubaaqudgha.
 45816 | Crypt:3  | Found a basalt altar of Yredelemnul.
 45840 | Crypt:3  | Got Kikubaaqudgha's Catalogue of Nightshade
 46485 | Crypt:3  | Found a staircase to the Tomb.
 46557 | Crypt:3  | Gained mutation: You are somewhat resistant to further
                  | mutation. [potion of mutation]
 46558 | Crypt:3  | Lost mutation: You are somewhat resistant to further
                  | mutation. [potion of mutation]
 46558 | Crypt:3  | Gained mutation: You are robust. (+10% HP) [potion of
                  | mutation]
 46558 | Crypt:3  | Gained mutation: You are resistant to electric shocks.
                  | (rElec) [potion of mutation]
 46995 | Slime:1  | Entered Level 1 of the Pits of Slime
 46998 | Slime:1  | Reached XP level 26. HP: 114/228 MP: 43/43
 48818 | Slime:5  | Entered Level 5 of the Pits of Slime
 48836 | Slime:5  | Noticed the Royal Jelly
 48930 | Slime:5  | Killed the Royal Jelly
 49356 | Slime:5  | Found the +10 morningstar "Eos" {elec, Halo rElec}
 49359 | Slime:5  | Found the +9 scales of the Dragon King {rPois rF+ rC+
                  | Will+}
 49370 | Slime:5  | Identified the +2 pair of gloves of Limierch {Stlth+}
 49398 | Slime:5  | Identified the +0 leather armour of Watymabi {rC+ Int+2}
 49402 | Slime:5  | Identified the +2 leather armour of Conscience {rCorr}
 49413 | Slime:5  | Got the Catalogue of the Smouldering Plateau
 49419 | Slime:5  | Got a slimy rune of Zot
 49433 | Slime:5  | Identified the +8 dagger of Beloved Innocence {freeze,
                  | Int+3}
 49460 | Slime:5  | Identified the +7 hand axe "Womimn" {chaos, +Blink Will++
                  | Str-2 Int+3}
 50098 | Zot:1    | Entered Level 1 of the Realm of Zot
 50241 | Hell     | Entered the Vestibule of Hell
 50251 | Hell     | Noticed Geryon
 50337 | Hell     | Killed Geryon
 50547 | Hell     | Found a gateway to the freezing wastes of Cocytus.
 50689 | Hell     | Found a gateway to the ashen valley of Gehenna.
 50776 | Hell     | Found a gateway to the decaying netherworld of Tartarus.
 50783 | Hell     | Reached XP level 27. HP: 189/235 MP: 36/43
 50974 | Hell     | Found a gateway to the Iron City of Dis.
 51005 | Hell     | Upgraded the game from 0.32-a0-768-g0f6f1dd to
                  | 0.32-a0-772-g33df237
 52456 | Zot:1    | Identified the +0 plate armour "Liull" {rF+ SInv}
 53908 | Zot:3    | Identified the +0 plate armour of Efeipt {Str+3 Dex+3}
 55413 | Zot:5    | Entered Level 5 of the Realm of Zot
 55725 | Zot:5    | Reached skill level 10 in Armour
 55926 | Zot:5    | Noticed an ancient lich
 55926 | Zot:5    | Noticed an ancient lich
 55931 | Zot:5    | Killed an ancient lich
 55932 | Zot:5    | Killed an ancient lich
 55947 | Zot:5    | Noticed a dread lich
 55949 | Zot:5    | Killed a dread lich
 56140 | Zot:5    | Noticed an orb of fire
 56145 | Zot:5    | Noticed an ancient lich
 56148 | Zot:5    | Killed an ancient lich
 56148 | Zot:5    | Killed an orb of fire
 56150 | Zot:5    | Noticed a dread lich
 56153 | Zot:5    | Killed a dread lich
 56301 | Zot:5    | Noticed an orb of fire
 56308 | Zot:5    | Killed an orb of fire
 56350 | Zot:5    | Acquired the scarf of the Heavens {repulsion, rC+ Str+4}
 56453 | Zot:5    | Noticed a dread lich
 56456 | Zot:5    | Killed a dread lich
 56456 | Zot:5    | Noticed an orb of fire
 56459 | Zot:5    | Noticed an orb of fire
 56461 | Zot:5    | Killed an orb of fire
 56463 | Zot:5    | Killed an orb of fire
 56465 | Zot:5    | Noticed a dread lich
 56584 | Zot:5    | Killed a dread lich
 56918 | Depths:4 | Voluntarily entered the Abyss.
 57039 | Abyss:2  | Found a corrupted altar of Lugonu.
 57043 | Abyss:2  | Found a corrupted altar of Lugonu.
 57046 | Abyss:2  | Found a corrupted altar of Lugonu.
 57067 | Abyss:2  | Found a corrupted altar of Lugonu.
 57213 | Abyss:3  | Found a corrupted altar of Lugonu.
 57224 | Abyss:3  | Found a corrupted altar of Lugonu.
 57226 | Abyss:3  | Found a corrupted altar of Lugonu.
 57226 | Abyss:3  | Found a corrupted altar of Lugonu.
 57228 | Abyss:3  | Found a corrupted altar of Lugonu.
 57329 | Abyss:3  | Found a corrupted altar of Lugonu.
 57633 | Abyss:4  | Got an abyssal rune of Zot
 57639 | Depths:4 | Escaped the Abyss
 58105 | Tomb:1   | Entered Level 1 of the Tomb of the Ancients
 58522 | Tomb:1   | Noticed a royal mummy
 58526 | Tomb:1   | Killed a royal mummy
 58563 | Tomb:1   | Noticed a royal mummy
 58566 | Tomb:1   | Killed a royal mummy
 58917 | Tomb:2   | Noticed Khufu
 58917 | Tomb:2   | Noticed a royal mummy
 58917 | Tomb:2   | Noticed a royal mummy
 58920 | Tomb:2   | Killed a royal mummy
 58920 | Tomb:2   | Noticed a royal mummy
 58920 | Tomb:2   | Noticed a royal mummy
 58923 | Tomb:2   | Noticed a royal mummy
 58924 | Tomb:2   | Noticed a royal mummy
 58944 | Tomb:2   | Killed a royal mummy
 58947 | Tomb:2   | Killed a royal mummy
 58950 | Tomb:2   | Killed a royal mummy
 58953 | Tomb:2   | Killed Khufu
 58957 | Tomb:2   | Killed a royal mummy
 58960 | Tomb:2   | Killed a royal mummy
 59221 | Tomb:1   | Noticed a royal mummy
 59221 | Tomb:1   | Noticed a royal mummy
 59223 | Tomb:1   | Killed a royal mummy
 59225 | Tomb:1   | Killed a royal mummy
 59276 | Tomb:1   | Noticed a royal mummy
 59281 | Tomb:1   | Killed a royal mummy
 59294 | Tomb:1   | Noticed a royal mummy
 59296 | Tomb:1   | Killed a royal mummy
 59317 | Tomb:1   | Noticed a royal mummy
 59320 | Tomb:1   | Killed a royal mummy
 59351 | Tomb:1   | Noticed a royal mummy
 59354 | Tomb:1   | Killed a royal mummy
 59361 | Tomb:1   | Noticed a royal mummy
 59367 | Tomb:1   | Killed a royal mummy
 59428 | Tomb:1   | Noticed a royal mummy
 59431 | Tomb:1   | Killed a royal mummy
 59463 | Tomb:1   | Noticed a royal mummy
 59468 | Tomb:1   | Killed a royal mummy
 59468 | Tomb:1   | Noticed a royal mummy
 59470 | Tomb:1   | Noticed a royal mummy
 59471 | Tomb:1   | Killed a royal mummy
 59472 | Tomb:1   | Noticed a royal mummy
 59474 | Tomb:1   | Killed a royal mummy
 59477 | Tomb:1   | Killed a royal mummy
 59587 | Tomb:1   | Noticed a royal mummy
 59590 | Tomb:1   | Killed a royal mummy
 59601 | Tomb:1   | Noticed a royal mummy
 59604 | Tomb:1   | Killed a royal mummy
 59614 | Tomb:1   | Noticed a royal mummy
 59618 | Tomb:1   | Killed a royal mummy
 59779 | Tomb:3   | Entered Level 3 of the Tomb of the Ancients
 59794 | Tomb:3   | Noticed Mennas
 59806 | Tomb:2   | Killed Mennas
 59855 | Tomb:3   | Noticed a royal mummy
 59855 | Tomb:3   | Noticed a royal mummy
 59856 | Tomb:3   | Noticed a royal mummy
 59858 | Tomb:3   | Killed a royal mummy
 59859 | Tomb:3   | Killed a royal mummy
 59860 | Tomb:3   | Noticed a royal mummy
 59864 | Tomb:3   | Noticed a royal mummy
 59869 | Tomb:3   | Killed a royal mummy
 59869 | Tomb:3   | Found the +27 heavy crossbow "Sniper" {heavy, Acc+∞ SInv}
 59874 | Tomb:3   | Noticed a royal mummy
 59877 | Tomb:3   | Killed a royal mummy
 59953 | Tomb:3   | Killed a royal mummy
 59954 | Tomb:3   | Noticed a royal mummy
 59958 | Tomb:3   | Killed a royal mummy
 59958 | Tomb:3   | Killed a royal mummy
 59961 | Tomb:3   | Noticed a royal mummy
 59962 | Tomb:3   | Noticed a royal mummy
 59965 | Tomb:3   | Killed a royal mummy
 59965 | Tomb:3   | Killed a royal mummy
 60200 | Tomb:3   | Got a golden rune of Zot
 60305 | Tomb:3   | Identified the +5 great sword "Vuydi" {freeze, Str+5}
 60308 | Tomb:3   | Identified the staff "Hoschanis" {rC+++ Will- Str+4 Stlth-
                  | Earth}
 60312 | Tomb:3   | Identified the -2 cloak "Maer" {*Slow rF+++ MP+9 Int-3}
 60322 | Tomb:3   | Identified the +1 halberd of Youthful Indiscretion {freeze,
                  | rElec Str+5}
 60344 | Tomb:3   | Identified the +7 dagger "Gykerch" {vamp, ^Contam Dex+4}
 60346 | Tomb:3   | Identified the +1 pair of boots of Farfalle {-Tele rF+ rN+
                  | Will+ SInv}
 60879 | Pan      | Entered Pandemonium
 60931 | Pan      | Noticed Xaoloolur the pandemonium lord
 60935 | Pan      | Killed Xaoloolur the pandemonium lord
 61279 | Pan      | Noticed Hutixt the pandemonium lord
 61285 | Pan      | Killed Hutixt the pandemonium lord
 61679 | Pan      | Noticed Ignacio
 61683 | Pan      | Killed Ignacio
 61814 | Pan      | Noticed Plog the pandemonium lord
 61819 | Pan      | Killed Plog the pandemonium lord
 62466 | Pan      | Noticed Weumod the pandemonium lord
 62475 | Pan      | Killed Weumod the pandemonium lord
 62621 | Pan      | Got a demonic rune of Zot
 62714 | Pan      | Noticed Ahygepp the pandemonium lord
 62718 | Pan      | Got the Papyrus of Flame and the Manifold
 62771 | Pan      | Found an ancient bone altar of Kikubaaqudgha.
 62866 | Pan      | Found an exit through the horrors of the Abyss.
 62951 | Pan      | Noticed Fawkituoga the pandemonium lord
 62964 | Pan      | Killed Fawkituoga the pandemonium lord
 63071 | Pan      | Found a runed translucent door.
 63275 | Pan      | Noticed Wojaoc the pandemonium lord
 63280 | Pan      | Killed Wojaoc the pandemonium lord
 63390 | Pan      | Entered the realm of Lom Lobon.
 63390 | Pan      | Noticed Lom Lobon
 63398 | Pan      | Killed Lom Lobon
 63410 | Pan      | Got a magical rune of Zot
 63456 | Pan      | Identified the +2 leather armour of Melen {rC- rN+++ Str-4}
 63739 | Pan      | Noticed Oppoiw the pandemonium lord
 63744 | Pan      | Killed Oppoiw the pandemonium lord
 63790 | Pan      | Noticed Bionest the pandemonium lord
 63797 | Pan      | Killed Bionest the pandemonium lord
 63870 | Pan      | Entered the realm of Gloorx Vloq.
 64194 | Pan      | Reached skill level 10 in Evocations
 64857 | Pan      | Noticed Gloorx Vloq
 64900 | Pan      | Killed Gloorx Vloq
 64928 | Pan      | Got a dark rune of Zot
 65015 | Pan      | Entered the realm of Mnoleg.
 65112 | Pan      | Found an exit through the horrors of the Abyss.
 65567 | Pan      | Noticed Mnoleg
 65637 | Pan      | Killed Mnoleg
 65813 | Pan      | Got a glowing rune of Zot
 66107 | Pan      | Entered the realm of Cerebov.
 66386 | Pan      | Found the +6 sword of Cerebov {flame}
 66386 | Pan      | Noticed Cerebov
 66397 | Pan      | Killed Cerebov
 66715 | Pan      | Identified the +5 bardiche "Anag Xasa" {drain, *Rage Fly
                  | Str+4 Int+2}
 66823 | Pan      | Found an exit through the horrors of the Abyss.
 66968 | Pan      | Identified the dragon-blood talisman of Gozag's Envy {rN+}
 67011 | Pan      | Identified the +3 ring mail "Buosh" {rC++ rN++ Will-}
 67016 | Pan      | Identified the +3 flail "Dragonslayer" {heavy, rPois rC+
                  | rN+ Int+3}
 67033 | Pan      | Identified the staff "Emnac" {rF+ Int+3 SInv Stlth+ Fire}
 67048 | Pan      | Identified the +5 short sword "Punloly" {freeze, rF+ Will+}
 67065 | Pan      | Got a fiery rune of Zot
 67156 | Pan      | Took an exit into the Abyss.
 67156 | Abyss:4  | Escaped into the Abyss
 67157 | Abyss:4  | Found a corrupted altar of Lugonu.
 67172 | Abyss:4  | Found a corrupted altar of Lugonu.
 67189 | Abyss:4  | Found the +7 Kryia's mail coat {PotionHeal*2 rC+}
 67195 | Abyss:4  | Identified the +1 robe of Impermeability {Fly rElec rPois
                  | Dex+3}
 67216 | Abyss:4  | Found a corrupted altar of Lugonu.
 67221 | Depths:2 | Escaped the Abyss
 67227 | Depths:2 | Upgraded the game from 0.32-a0-772-g33df237 to
                  | 0.32-a0-778-ga6a9c15
 67309 | Geh:1    | Entered Level 1 of Gehenna
 67598 | Geh:3    | Noticed an ancient lich
 67602 | Geh:3    | Killed an ancient lich
 68307 | Geh:5    | Noticed an ancient lich
 68311 | Geh:5    | Killed an ancient lich
 68811 | Geh:7    | Entered Level 7 of Gehenna
 69461 | Geh:7    | Reached skill level 27 in Long Blades
 69495 | Geh:7    | Identified the staff of Sharkskin {rF+ Will+ Int+3 Dex-3
                  | Stlth+ Fire}
 69545 | Geh:7    | Found the +13 sceptre of Asmodeus
 69545 | Geh:7    | Noticed Asmodeus
 69557 | Geh:7    | Killed Asmodeus
 69642 | Geh:7    | Identified the staff of Prudence {rPois rN+ Int+3 Dex+4
                  | Necro}
 69657 | Geh:7    | Identified the +3 demon blade of Evisceration {pain, rPois
                  | rC- rN+ rCorr}
 69697 | Geh:7    | Got an obsidian rune of Zot
 70304 | Coc:1    | Entered Level 1 of Cocytus
 70360 | Coc:1    | Noticed a dread lich
 70368 | Coc:1    | Killed a dread lich
 71708 | Coc:7    | Entered Level 7 of Cocytus
 72156 | Coc:7    | Noticed a dread lich
 72159 | Coc:7    | Killed a dread lich
 72566 | Coc:7    | Identified the staff of Bodily Harmony {*Corrode rElec
                  | Str+3 Dex+5 Air}
 72680 | Coc:7    | Noticed Antaeus
 72690 | Coc:7    | Killed Antaeus
 72694 | Coc:7    | Got an icy rune of Zot
 72729 | Coc:7    | Identified the +2 leather armour of Muucily {Int+5}
 72737 | Coc:7    | Identified the ring "Gaezal" {^Drain rElec rPois Will+
                  | Dex+3}
 72954 | Dis:1    | Entered Level 1 of the Iron City of Dis
 73924 | Dis:6    | Reached skill level 15 in Translocations
 74014 | Dis:7    | Entered Level 7 of the Iron City of Dis
 74517 | Dis:7    | Identified the staff "Tattletale" {rN+ Conj Necro}
 74649 | Dis:7    | Identified the ring of Midnight {rPois rN+}
 74882 | Dis:7    | Reached skill level 27 in Fighting
 74882 | Dis:7    | Noticed Dispater
 74891 | Dis:7    | Killed Dispater
 74916 | Dis:7    | Identified the +6 battleaxe "Zuuwuar" {pain, ^Fragile rF+
                  | Str+2 Dex+2}
 74918 | Dis:7    | Got an iron rune of Zot
 74919 | Dis:7    | Identified the +3 ring mail "Qirgh" {rC+ MP+9 Dex-5 Slay+2}
 75580 | Tar:1    | Entered Level 1 of Tartarus
 76412 | Tar:7    | Entered Level 7 of Tartarus
 76974 | Tar:7    | Noticed a dread lich
 76978 | Tar:7    | Killed a dread lich
 76998 | Tar:7    | Noticed an ancient lich
 77001 | Tar:7    | Killed an ancient lich
 77063 | Tar:7    | Noticed the Serpent of Hell
 77067 | Tar:7    | Killed the Serpent of Hell
 77183 | Tar:7    | Noticed Ereshkigal
 77191 | Tar:7    | Killed Ereshkigal
 77421 | Tar:7    | Identified the staff "Muremuow" {rElec Int+3 Dex+3 Earth}
 77588 | Tar:7    | Identified the +6 fire dragon scales "Tyroev" {Rampage rF++
                  | rC- Slay+3}
 77629 | Tar:7    | Got a bone rune of Zot
 77676 | Tar:7    | Identified the +1 chain mail of the World {^Contam MP+9
                  | SInv}
 77705 | Tar:7    | Noticed a dread lich
 77707 | Tar:7    | Killed a dread lich
 77708 | Tar:7    | Noticed a dread lich
 77709 | Tar:7    | Killed a dread lich
 77714 | Tar:7    | Identified the staff "Gugyn" {rF+ rN+ Tloc Fire}
 77784 | Hell     | Learned a level 4 spell: Passage of Golubria
 78075 | Zot:5    | Got the Orb of Zot
 78079 | Zot:5    | Noticed Haiklir the pandemonium lord
 78090 | Zot:5    | Killed Haiklir the pandemonium lord
 78158 | Zot:4    | Reached skill level 27 in Dodging
 78697 | D:$      | Escaped with the Orb!

Illustrated notes

Levels and vault maps discovered:
D:1:      minmay_arrival_four_houses, layout_basic, corexii_corridor_pit
D:2:      minmay_diamond_boxcup, layout_basic, minmay_misc_feat_room,
          uniq_sigmund
D:3:      layout_rooms, nicolae_overflow_hidden_temple,
          shapermc_ecumenical_altar_mp_urbaneastern, serial_curves,
          eino_curves_04, eino_curves_03, hangedman_decor_push
D:4:      nicolae_cairo_tiling_very_big, layout_loops_ring, temple_green,
          serial_shops, nicolae_shop_peninsula, small_statue_alley_b,
          chequers_decorated_corner
D:5:      layout_loops_ring, mainiacjoe_overflow_alcove_1,
          mainiacjoe_overflow_24_doors, nicolae_qazlal_style_of_elements,
          serial_shops, shop, uniq_crazy_yiuf_cottage, uniq_grinder, uniq_ijyb
D:6:      layout_basic, serial_rivers, chequers_serial_rivers_micro_a,
          chequers_serial_rivers_marsh, chequers_serial_rivers_small_3,
          chequers_serial_rivers_marsh, st_stairs_7, uniq_maggie, uniq_edmund
D:7:      layout_basic
D:8:      layout_rooms, kennysheep_ying_yang, tso_metal_star, zin_statuary,
          minmay_misc_feat_tower
D:9:      layout_irregular_city, nemelex_xobeh_ov_fountains_minmay,
          kennysheep_generic_room_14, uniq_psyche
D:10:     layout_basic, hellmonk_guarded_unrand_vines
D:11:     layout_basic, david_lair_generic, nicolae_two_hexagons
D:12:     wad_mega_maze, layout_basic, orc_0_dummy, yredelemnul_altar_generic
D:13:     layout_rooms, hangedman_abyss_or_decor_stagger,
          nicolae_underground_beach, uniq_jorgrun
D:14:     minmay_isolated_rectangles_in_corner, layout_loops_cross,
          david_vaults_5, serial_co_window_serial, co_window_paths_b,
          co_window_paths_a, co_window_paths_b, co_window_of_opportunity_a,
          co_window_paths_a, co_window_paths_b, co_window_paths_a,
          co_window_corner_a, co_window_paths_a, co_window_of_opportunity_b,
          co_window_broadway_b, co_window_unsneaky_path_e, co_window_broadway_a,
          co_window_broadway_a, co_window_corner_ca, co_window_corner_b,
          glass_columns_a, glass_columns_b, glass_columns_b, glass_columns_c
D:15:     gammafunk_depths_entry_grave, layout_small_grid, serial_shops, shop,
          nicolae_transmutations_shop
Temple:   nicolae_temple_ecumenical_triangle
Lair:1:   layout_cave_pods, st_stairs_6, nicolae_lair_liquid_snakes
Lair:2:   layout_regular_city, skrybe_swamp_entry_bodies,
          guppyfry_snake_entry_garden, infiniplex_staircase_pool_2
Lair:3:   layout_cave_pods, grunt_megastairs_1
Lair:4:   layout_layer_cave, nicolae_slime_entry_slimehenge, st_stairs_8,
          beast_lair_carwin_11, serial_bayou_shore_a, lemuel_fruit_tree
Lair:5:   grunt_lair_end_beastmaster, layout_hall_layers,
          chequers_serial_rivers_small_3, grunt_megastairs_2
Swamp:1:  layout_falls_marsh, nicolae_swamp_orc_logging_accident, uniq_kirke
Swamp:2:  gammafunk_worm_tunnel, layout_basic_swamp,
          nicolae_swamp_trees_clearing
Swamp:3:  layout_falls_marsh, evilmike_swamp_ruin_rubble_2, swamp_pool_1_2,
          uniq_mlioglotl
Swamp:4:  swamp_alternative, layout_basic_swamp, swamp_pool_4,
          nicolae_swamp_oxbows
Snake:1:  layout_layer_cave, basic_altar, serial_shops,
          nicolae_shop_just_a_little_nook, uniq_donald, uniq_frances
Snake:2:  gammafunk_its_a_trap, layout_grid_shapes
Snake:3:  layout_onion, gammafunk_ghost_cemetery, grunt_megastairs_4
Snake:4:  hellmonk_snake_rune_quicksilver_temple, layout_basic,
          serial_bayou_shore_b, uniq_aizul, uniq_vashnia
Slime:1:  layout_caves
Slime:2:  layout_caves
Slime:3:  layout_caves
Slime:4:  layout_caves
Slime:5:  slime_pit
Orc:1:    layout_caves, serial_shops, shop, nicolae_orc_stony_grotto
Orc:2:    st_orc_ogre_mass, layout_caves, minmay_orc_keep
Elf:1:    eino_elf_arrival_customs, layout_gridlike, minmay_elf_demonology,
          minmay_shoptagon
Elf:2:    elven_hall_of_blades_hangedman_original
          [nicolae_blade_entry_pointy_end], layout_geoelf_diagonals
Elf:3:    minmay_elf_hall_spiked, layout_geoelf_castle
Vaults:1: nicolae_vaults_tetromino_Z_1, nicolae_vaults_meiosis,
          nicolae_vaults_alarming, vaults_room_grid, v_alt_pattern_5,
          ontoclasm_vaults_bender, nicolae_vaults_double_plus_2,
          nicolae_vaults_security_offices_1, grunt_vaults_swirl,
          nicolae_vaults_tetromino_T_1, hangedman_vaults_cutoff,
          nicolae_vaults_frosty_reception, hangedman_vaults_stretched_pinwheel,
          layout_vaults_omnicross
Vaults:2: v_rooms_1, minmay_crypt_entry_skeletal_spiral, ontoclasm_vaults_fault,
          vaults_room_stairs_pillars, nicolae_vaults_cornered_office,
          vaults_room_stairs_pillars, nicolae_vaults_wine_cellar,
          layout_vaults_omnigrid, uniq_nikola
Vaults:3: kennysheep_vaults_gozag_temple, nicolae_vaults_trapezoid_lopsided_2,
          nicolae_vaults_closet_pinwheel_6, nicolae_vaults_network_periphery,
          nicolae_vaults_offset_grid_hallway_3, nicolae_vaults_diamond_1,
          vaults_dpeg_cross, nicolae_vaults_octothorpe, lemuel_angel_altar,
          hangedman_vaults_capsules, hangedman_vaults_restitches,
          nicolae_vaults_little_squares_6, layout_vaults_maze_bifur,
          uniq_sojobo, uniq_margery
Vaults:4: hangedman_vaults_maws, nicolae_vaults_rhombus_7, st_cells,
          nicolae_vaults_closet_pinwheel_5, nicolae_vaults_mini_display_case,
          ontoclasm_vaults_ring_large, hangedman_vaults_trim, v_misc_8,
          grunt_vaults_funnel, nicolae_vaults_taking_the_gang_shopping,
          serial_ice_h, layout_vaults_omnibox, enter_trove_1
Vaults:5
Crypt:1:  layout_regular_city, uniq_vv, uniq_bai_suzhen
Crypt:2:  layout_chaotic_city, uniq_saint_roka
Crypt:3:  lightli_unholy_cathedral, layout_chaotic_city,
          tomb_entry_simple_bobbens, nicolae_crypt_grand_chamber,
          grunt_megastairs_5
Tomb:1
Tomb:2:   uniq_khufu
Tomb:3:   uniq_mennas
Depths:1: layout_big_octagon, hell_entry, minivault_11, lemuel_flamethrower_2
Depths:2: minmay_the_grid_3x3 [minmay_the_grid_box_x, minmay_the_grid_dragon_a,
          minmay_the_grid_gridbox, minmay_the_grid_all_tris,
          minmay_the_grid_outer_diamond, minmay_the_grid_minigrid_large,
          minmay_the_grid_eight, minmay_the_grid_small_cups,
          minmay_the_grid_prize_inner_circle], layout_gridlike,
          enter_ziggurat_a, rand_demon_pan_entry_7, grunt_mini_vestibule,
          nicolae_uskayaw_dance_hall, minmay_staircase_statues
Depths:3: cheibrodos_spurs, layout_gridlike, serial_glass, glass_columns_b,
          glass_columns_b, minmay_strange_pillars, minmay_strange_pillars,
          feat_on_display, hell_entry, nicolae_abyss_entry_one_way_or_another,
          nicolae_elyvilon_peaceful_grove
Depths:4: lemuel_castle_with_subvaults [lemuel_castle_interior_original],
          layout_honeycomb, hell_entry, minmay_stone_trees_small, abyss_entry,
          nzn_hepliaklqana_mist_gate, uniq_josephina
Hell
Dis:1:    layout_gridville, nicolae_dis_scattering
Dis:2:    layout_subdivisions, nicolae_dis_having_a_grate_time
Dis:3:    layout_subdivisions
Dis:4:    layout_overlapping_boxes
Dis:5:    layout_gridville
Dis:6:    layout_subdivisions
Dis:7:    iron_city_of_dis [dis_old, dis_wall_7], layout_gridville
Geh:1:    layout_gehenna_pools_basic, nicolae_geh_fourpack
Geh:2:    layout_gehenna_lava_caves
Geh:3:    layout_gehenna_lava_caves
Geh:4:    layout_gehenna_lava_caves
Geh:5:    layout_gehenna_lava_caves, special_room [special_room_morgue]
Geh:6:    layout_gehenna_pools_triple
Geh:7:    geh_mu
Coc:1:    nicolae_hells_demon_pit, layout_ice_bergs,
          nicolae_coc_statues_of_limitations
Coc:2:    layout_ice_bergs
Coc:3:    layout_cocytus_water_paths
Coc:4:    layout_cocytus_delve, serial_ice
Coc:5:    layout_ice_bergs
Coc:6:    layout_cocytus_water_paths
Coc:7:    coc_old
Tar:1:    layout_grid_maze
Tar:2:    layout_grid_maze
Tar:3:    layout_cathedral_of_symmetry
Tar:4:    layout_grid_maze
Tar:5:    layout_grid_maze
Tar:6:    layout_grid_maze
Tar:7:    tar_grunt_cathedral
Zot:1:    lemuel_acid_trip, layout_cathedral_of_symmetry, grunt_ministairs_10
Zot:2:    layout_twisted_circle, hangedman_zot_decor_unnerving_road,
          evilmike_ambush [evilmike_ambush_outer_basic,
          evilmike_ambush_inner_basic]
Zot:3:    minmay_elemental_castle, layout_onion_interference,
          regret_index_zotdec_split_disrupt
Zot:4:    layout_gridlike, skrybe_zot_glass_1
Zot:5:    layout_cathedral_of_symmetry

Skill      XL: |  1  2  3  4  5  6  7  8  9 10 11 12 13 14 15 16 17 18 19 20 21 22 23 24 25 26 27 |
---------------+----------------------------------------------------------------------------------+-----
Long Blades    | 3 4 5 6 7 9 10 11 12 13 14 15 16 17 18 19 20 21 27 | 27.0
Armour         | 1 3 4 5 6 7 8 9 14 | 14.5
Spellcasting   | 2 4 5 7 8 9 10 11 12 13 14 15 16 26 | 26.3
Dodging        | 2 3 4 5 6 7 8 9 10 11 12 13 14 15 27 | 27.0
Fighting       | 3 5 6 7 8 9 10 11 12 13 14 15 16 17 27 | 27.0
Translocations | 5 6 7 8 9 10 11 12 13 14 16 | 16.0
Evocations     | 1 4 6 8 9 12 | 12.4
Necromancy     | 2 5 6 8 9 10 11 12 | 12.0
Stealth        | 2 3 4 5 6 |  6.0
Invocations    | 1 3 4 5 9 |  9.0
Shapeshifting  | 5 14 18 21 23 | 23.0
Throwing       | |  0.8

Action                     |  1- 3 |  4- 6 |  7- 9 | 10-12 | 13-15 | 16-18 | 19-21 | 22-24 | 25-27 || total
---------------------------+-------+-------+-------+-------+-------+-------+-------+-------+-------++-------
  Melee: Falchion          |    63 |   106 |    96 |       |       |       |       |       |       ||   265
         Short sword       |    54 |   102 |       |       |       |       |       |       |       ||   156
         Dagger            |     3 |       |       |       |       |       |       |       |       ||     3
         Double sword      |       |     7 |   123 |   244 |   545 |   666 |   792 |   939 |  4769 ||  8085
         Long sword        |       |       |    11 |   215 |   436 |       |       |       |       ||   662
         Scimitar          |       |       |       |       |    59 |   646 |   762 |   888 |   959 ||  3314
         Demon blade       |       |       |       |       |       |       |       |       |  3931 ||  3931
  Throw: Dart              |       |     2 |     1 |       |       |       |       |       |       ||     3
   Cast: Blink             |       |     3 |       |     1 |     2 |       |       |     1 |    12 ||    19
         Manifold Assault  |       |       |    16 |   144 |   405 |   527 |   561 |   655 |  3508 ||  5816
         Lesser Beckoning  |       |       |       |     2 |     1 |       |       |       |     1 ||     4
         Sublimation of Bl |       |       |       |       |       |   168 |   186 |   221 |    65 ||   640
         Apportation       |       |       |       |       |       |       |     2 |       |     3 ||     5
         Fugue of the Fall |       |       |       |       |       |       |       |    11 |     8 ||    19
         Vhi's Electric Ch |       |       |       |       |       |       |       |       |     5 ||     5
         Passage of Golubr |       |       |       |       |       |       |       |       |     2 ||     2
Ability: Invent Gizmo      |       |       |       |       |     1 |       |       |       |       ||     1
  Evoke: Wand              |       |     8 |     2 |     7 |       |       |       |       |     3 ||    20
         Lightning rod     |       |       |       |     2 |     4 |       |       |       |     2 ||     8
         Condenser vane    |       |       |       |     1 |       |       |       |     1 |       ||     2
         Phantom mirror    |       |       |       |       |       |       |       |       |     5 ||     5
         Box of beasts     |       |       |       |       |       |       |       |       |     1 ||     1
    Use: Scroll            |     5 |     5 |     5 |     9 |     5 |     3 |       |     1 |    27 ||    60
         Potion            |       |     2 |       |       |     2 |     1 |     4 |     2 |    11 ||    22
   Stab: Sleeping          |       |     2 |     4 |       |       |       |       |       |       ||     6
         Distracted        |       |     1 |       |       |       |       |       |       |     1 ||     2
 Armour: Leather armour    |    39 |     6 |       |       |       |       |       |       |       ||    45
         Robe              |       |    76 |    70 |    25 |       |       |    59 |    65 |   239 ||   534
         Troll leather arm |       |       |       |    52 |    67 |    37 |       |       |       ||   156
         Ring mail         |       |       |       |       |       |       |       |       |    81 ||    81
  Dodge: Dodged            |    48 |    64 |    53 |    59 |    79 |    51 |    85 |    91 |   879 ||  1409
         Repelled          |       |       |       |       |       |       |       |       |     2 ||     2
   Form: Death             |       |       |       |       |       |       |       |       |     5 ||     5
                           |       |       |       |       |       |       |       |       |     4 ||     4

Table legend: (Time is in decaauts)
 A = Elapsed time spent in this place.
 B = Non-inter-level travel time spent in this place.
 C = Inter-level travel time spent in this place.
 D = Time resting spent in this place.
 E = Time spent auto-exploring this place.
 F = Levels seen in this place.
 G = Mean time per level.
                   A        B        C        D        E       F      G
               +--------+--------+--------+--------+--------+-----+--------+
         Total | 127284 | 112874 |  14410 |  13652 |  85134 | 110 | 1157.1 |
       Dungeon |  25377 |  21888 |   3489 |   4269 |  15765 |  15 | 1691.8 |
        Temple |     30 |     14 |     16 |      0 |      0 |   1 |   30.0 |
          Lair |  10931 |   9941 |    990 |   1370 |   8051 |   5 | 2186.2 |
         Swamp |   4143 |   3851 |    292 |    215 |   3131 |   4 | 1035.8 |
     Snake Pit |   5906 |   5568 |    338 |    157 |   4885 |   4 | 1476.5 |
    Slime Pits |   4465 |   4076 |    389 |    668 |   3094 |   5 |  893.0 |
  Orcish Mines |   3747 |   3395 |    352 |   1342 |   1765 |   2 | 1873.5 |
   Elven Halls |   4621 |   4223 |    398 |      6 |   3630 |   3 | 1540.3 |
        Vaults |  11166 |   9104 |   2062 |     40 |   7869 |   5 | 2233.2 |
         Crypt |   4615 |   3814 |    801 |     39 |   3240 |   3 | 1538.3 |
          Tomb |   3853 |   3309 |    544 |    547 |   2109 |   3 | 1284.3 |
        Depths |   8342 |   6762 |   1580 |    346 |   5608 |   4 | 2085.5 |
          Hell |   1198 |    780 |    418 |     65 |    498 |   1 | 1198.0 |
           Dis |   3960 |   3697 |    263 |    653 |   2593 |   7 |  565.7 |
       Gehenna |   4797 |   4468 |    329 |    672 |   3306 |   7 |  685.3 |
       Cocytus |   4555 |   3954 |    601 |    399 |   3097 |   7 |  650.7 |
      Tartarus |   3503 |   3352 |    151 |    491 |   2420 |   7 |  500.4 |
           Zot |  10153 |   8764 |   1389 |   1627 |   5961 |   5 | 2030.6 |
         Abyss |   1377 |   1377 |      0 |      0 |    765 |   5 |  275.4 |
   Pandemonium |  10469 |  10469 |      0 |    740 |   7295 |  16 |  654.3 |
         Trove |     66 |     66 |      0 |      0 |     49 |   1 |   66.0 |
               +--------+--------+--------+--------+--------+-----+--------+

Top non-repeatable levels by time:
    D:12: 4412 daAuts
   Zot:1: 3310 daAuts
Vaults:2: 3164 daAuts
    D:14: 3067 daAuts
Depths:4: 3010 daAuts
  Lair:4: 2577 daAuts
Vaults:1: 2529 daAuts
 Snake:1: 2459 daAuts
   Geh:7: 2393 daAuts
   Dis:7: 2376 daAuts
  Lair:1: 2361 daAuts
    D:10: 2246 daAuts
    D:11: 2245 daAuts
Depths:2: 2216 daAuts
  Lair:5: 2174 daAuts
